 Dungeon Crawl Stone Soup version 0.32-a0-705-g60f233581c (webtiles) character file.

Game seed: 7517121891976822750

184 jasper the Digger (level 5, -18/35 HPs)
             Began as a Coglin Earth Elementalist on Mar 14, 2024.
             Demolished by an ogre
             ... wielding a +0 giant spiked club
              (25 damage)
             ... on level 4 of the Dungeon.
             The game lasted 00:03:45 (2242 turns).

jasper the Digger (Coglin Earth Elementalist)       Turns: 2242, Time: 00:03:46

Health: -18/35     AC:  3    Str:  9    XL:     5   Next: 64%
Magic:  1/8        EV: 11    Int: 16    God:
Gold:   123        SH:  0    Dex: 14    Spells: 7/8 levels left

rFire   . . .        d - staff of conjuration {Kyoko}
rCold   . . .        j - +0 dagger {Tawil}
rNeg    . . .        a - +0 robe
rPois   .            (no helmet)
rElec   .            (no cloak)
rCorr   .            e - +0 pair of gloves
SInv    .            (no boots)
Will    .....        (amulet unavailable)
Stlth   ++           (ring unavailable)
HPRegen 0.25/turn    (ring unavailable)
MPRegen 0.11/turn    (no gizmo)

%: no passive effects
@: no status effects
A: off-hand wielding, slow wielding, warmup strikes, no jewellery
a: Invent Gizmo


You were on level 4 of the Dungeon.
You visited 1 branch of the dungeon, and saw 4 of its levels.

You collected 123 gold pieces.

Inventory:

Hand Weapons
 j - a +0 dagger (offhand) {Tawil}
Armour
 a - a +0 robe (worn)
 e - a +0 pair of gloves (worn)
Magical Staves
 d - a staff of conjuration (weapon) {Kyoko}
Scrolls
 g - 2 scrolls of identify
 h - a scroll of enchant weapon {unknown}
 n - a scroll of noise {unknown}
Potions
 b - a potion of magic
 c - a potion of attraction {unknown}
 f - a potion of degeneration {unknown}
 i - 3 potions of curing
 k - a potion of lignification {unknown}
 m - a potion of berserk rage {unknown}
 o - a potion of heal wounds {unknown}


   Skills:
 - Level 1.7 Dodging
 - Level 1.5 Stealth
 - Level 2.0 Spellcasting
 - Level 0.8 Conjurations
 + Level 5.5 Earth Magic


You had 7 spell levels left.
You knew the following spells:

 Your Spells              Type           Power      Damage    Failure   Level
a - Sandblast             Erth           38%        2d10      2%          1

Your spell library contained the following spells:

 Spells                   Type           Power      Damage    Failure   Level
 Passwall                 Erth           19%        N/A       6%          3
 Stone Arrow              Conj/Erth      34%        3d9       17%         3
 Brom's Barrelling Bould  Conj/Erth      17%        2d4       50%         4
 Petrify                  Alch/Erth      10%        N/A       54%         4


Dungeon Overview and Level Annotations

Branches:
Dungeon (4/15)
 Temple: D:4-7

Altars:


Innate Abilities, Weirdness & Mutations

You can wield a second weapon in your off-hand.
It takes a long time for you to wield or remove held weapons.
Your first few attacks do less damage.
You cannot equip rings or amulets.


Message History

The jelly hits you.
You are splashed with acid!
You take 11 damage, and have 24/35 hp.
MASSIVE DAMAGE!!
You now have 5/8 mp.
Aiming: Sandblast (safe; 2% risk of failure)
Press: ? - help, Q - select action Shift-Dir - straight line, f/p - jelly
Aim: a jelly (almost dead, 100% to hit)
The blast of sand hits the jelly!
You kill the jelly!
The ogre closely misses you.
You now have 4/8 mp.
Aiming: Sandblast (safe; 2% risk of failure)
Press: ? - help, Q - select action Shift-Dir - straight line, f - ogre
Aim: an ogre, wielding a +0 giant spiked club (91% to hit)
The blast of sand hits the ogre.
The ogre is lightly wounded.
The ogre misses you.
You now have 3/8 mp.
Aiming: Sandblast (safe; 2% risk of failure)
Press: ? - help, Q - select action Shift-Dir - straight line, f/p - ogre
Aim: an ogre, wielding a +0 giant spiked club (lightly wounded, 91% to hit)
The blast of sand hits the ogre!
The ogre is heavily wounded.
The ogre hits you with a +0 giant spiked club!!
Ouch! That really hurt!
* * * LOW HITPOINT WARNING * * *
You take 19 damage, and have 6/35 hp.
MASSIVE DAMAGE!!
Aiming: Sandblast (safe; 2% risk of failure)
Press: ? - help, Q - select action Shift-Dir - straight line, f/p - ogre
Aim: an ogre, wielding a +0 giant spiked club (heavily wounded, 91% to hit)
The blast of sand hits the ogre.
The ogre is severely wounded.
The ogre closely misses you.
You now have 2/8 mp.
Aiming: Sandblast (safe; 2% risk of failure)
Press: ? - help, Q - select action Shift-Dir - straight line, f/p - ogre
Aim: an ogre, wielding a +0 giant spiked club (severely wounded, 91% to hit)
The blast of sand hits the ogre!
The ogre is almost dead.
The ogre hits you with a +0 giant spiked club!!
Ouch! That really hurt!
You die...

#.......#
###.#.
#.#...###.#
#.#. #.#...#
#.# #.#.
#.#.#.###.#
#.#.
##.##...##.#
#.## .:
###....# #...
#.##...####
#### #O#.#.##
#. #@...# #.
#.####
#######. ...#
.. ..##.
##### #.
#.##.
###.##.##.##.
............
#.##.##.### #
#.#.##.### .#
#.....#..


You could see an ogre.

Vanquished Creatures
  An iguana (D:3)
  A jelly (D:4)
  4 gnolls (D:4)
  4 adders
  2 dart slugs (D:4)
  A ribbon worm (D:4)
  A bat (D:2)
  3 endoplasms
  4 giant cockroaches
  6 goblins
  6 hobgoblins
  A quokka (D:4)
  4 ball pythons
  3 frilled lizards
  6 kobolds
  6 rats
53 creatures vanquished.

Notes
Turn   | Place    | Note
-------+----------+-------------------------------------------
     0 | D:1      | jasper the Coglin Earth Elementalist began the quest for
                  | the Orb.
     0 | D:1      | Reached XP level 1. HP: 13/13 MP: 3/3
   109 | D:1      | You fall into a shaft and drop 1 floor!
   238 | D:2      | Reached skill level 3 in Earth Magic
   238 | D:2      | Reached XP level 2. HP: 19/19 MP: 1/5
   487 | D:2      | Reached XP level 3. HP: 20/24 MP: 2/6
   727 | D:3      | HP: 1/24 [iguana (13)]
   729 | D:3      | Reached skill level 4 in Earth Magic
   729 | D:3      | Reached XP level 4. HP: 1/30 MP: 1/7
  1715 | D:4      | Reached skill level 5 in Earth Magic
  1715 | D:4      | Reached XP level 5. HP: 35/35 MP: 2/8
  2234 | D:4      | Noticed an ogre
  2242 | D:4      | Demolished by an ogre

Illustrated notes

Levels and vault maps discovered:
D:1:      mrwooster_arrival_statue, layout_loops_ring
D:2:      layout_rooms
D:3:      layout_basic, serial_bayou_pond_d, minivault_23,
          serial_park_tiny_pond, kennysheep_generic_room_3
D:4:      layout_loops_cross, minmay_manual_monstrance

Skill      XL: |  1  2  3  4 |
---------------+-------------+-----
Spellcasting   | 2 |  2.0
Earth Magic    | 3 4 5 |  5.5
Dodging        | |  1.7
Stealth        | |  1.5
Conjurations   | |  0.8

Action                     |  1- 3 |  4- 6 || total
---------------------------+-------+-------++-------
  Melee: Dagger            |     4 |     1 ||     5
         Staff             |     4 |       ||     4
   Cast: Sandblast         |    30 |    56 ||    86
    Use: Scroll            |     4 |     1 ||     5
         Potion            |     2 |       ||     2
   Stab: Sleeping          |       |     1 ||     1
 Armour: Robe              |    20 |    17 ||    37
  Dodge: Dodged            |    21 |    19 ||    40

Table legend: (Time is in decaauts)
 A = Elapsed time spent in this place.
 B = Non-inter-level travel time spent in this place.
 C = Inter-level travel time spent in this place.
 D = Time resting spent in this place.
 E = Time spent auto-exploring this place.
 F = Levels seen in this place.
 G = Mean time per level.
                   A        B        C        D        E       F      G
               +--------+--------+--------+--------+--------+-----+--------+
         Total |   2284 |   2267 |     17 |    135 |   1779 |   4 |  571.0 |
       Dungeon |   2284 |   2267 |     17 |    135 |   1779 |   4 |  571.0 |
               +--------+--------+--------+--------+--------+-----+--------+

Top non-repeatable levels by time:
     D:4: 829 daAuts
     D:3: 722 daAuts
     D:2: 622 daAuts
     D:1: 110 daAuts
